 Dungeon Crawl Stone Soup version 0.26-a0-854-gdc81c2f471 (webtiles) character file.

Game seed: 12670569323874118122

5541 yilan901 the Dealer of Despair (level 10, -5/79 HPs)
             Began as a Demonspawn Fighter on Nov 23, 2020.
             Was an Elder of Kikubaaqudgha.
             Slain by an orc warrior
             ... wielding a +0 trident
              (7 damage)
             ... on level 10 of the Dungeon.
             The game lasted 01:02:51 (9613 turns).

yilan901 the Dealer of Despair (Demonspawn Fighter) Turns: 9613, Time: 01:02:52

Health: -5/79      AC: 14    Str: 18    XL:     10   Next: 43%
Magic:  0/10       EV:  9    Int: 11    God:    Kikubaaqudgha [****..]
Gold:   569        SH: 11    Dex: 13    Spells: 6/9 levels left

rFire    . . .     SeeInvis +   A - +1 mace (vorpal)
rCold    . . .     Faith    .   c - +0 kite shield
rNeg     . . .     Spirit   +   F - +2 troll leather armour {Purgy}
rPois    .         Reflect  .   i - +0 helmet
rElec    .         Harm     .   (no cloak)
rCorr    .         Rampage  .   (no gloves)
MR       .....                  J - +2 pair of boots
Stlth    +.........             o - amulet of guardian spirit
HPRegen  0.63/turn              a - ring of see invisible
MPRegen  0.12/turn              (no ring)

@: studying Maces & Flails
A: hooves 1, yellow scales 2, spiny 1
a: Receive Corpses, Renounce Religion


You were on level 10 of the Dungeon.
You worshipped Kikubaaqudgha.
Kikubaaqudgha was greatly pleased with you.
You visited 1 branch of the dungeon, and saw 10 of its levels.
You also visited: Sewer.

You collected 569 gold pieces.

Inventory:

Hand Weapons
 s - a +2 vorpal quarterstaff
 A - a +1 vorpal mace (weapon)
Armour
 c - a +0 kite shield (worn)
 i - a +0 helmet (worn)
 z - a +1 chain mail of fire resistance
 F - a +2 troll leather armour (worn) {Purgy}
 J - a +2 pair of boots (worn)
Magical Staves
 w - an uncursed staff of conjuration
 y - an uncursed staff of death {unknown}
Jewellery
 a - a ring of see invisible (left hand)
 o - an amulet of guardian spirit (around neck)
 H - an uncursed ring of fire
Wands
 m - a wand of random effects (24)
 t - a wand of polymorph (29)
 B - a wand of flame (38)
 G - a wand of enslavement (12)
 I - a wand of iceblast (10)
 K - a wand of disintegration (12)
Scrolls
 b - 6 scrolls of teleportation
 e - 4 scrolls of blinking
 f - a scroll of remove curse
 h - 5 scrolls of magic mapping
 l - 4 scrolls of amnesia
 r - 2 scrolls of fog
 C - a scroll of identify
Potions
 d - 3 potions of might
 g - 5 potions of curing
 j - a potion of ambrosia {unknown}
 k - 2 potions of invisibility {unknown}
 n - a potion of brilliance {unknown}
 p - a potion of mutation {unknown}
 q - 2 potions of magic {unknown}
 u - a potion of berserk rage
 x - 3 potions of flight {unknown}
 D - 2 potions of degeneration {unknown}
 E - 3 potions of haste
Books
 v - a manual of Maces & Flails


   Skills:
 + Level 7.0 Fighting
 - Level 3.3(5.9) Axes
 + Level 6.5(6.9) Maces & Flails
 - Level 3.6(4.2) Polearms
 - Level 5.4 Armour
 * Level 7.4 Shields
 * Level 8.9 Necromancy


You had 6 spell levels left.
You knew the following spells:

 Your Spells              Type           Power        Failure   Level
a - Vampiric Draining     Necr           ###.......   9%          3

Your spell library contained the following spells:

 Spells                   Type           Power        Failure   Level
 Animate Skeleton         Necr           ###...       3%          1
 Pain                     Necr           ###.         3%          1
 Sublimation of Blood     Necr           ###.......   4%          2
 Animate Dead             Necr           ###.......   28%         4
 Dispel Undead            Necr           ###.....     28%         4
 Agony                    Necr           ###.....     63%         5
 Beastly Appendage        Tmut           #.....       73%         1
 Wereblood                Tmut           #.......     86%         2
 Summon Guardian Golem    Hex/Summ       #.......     97%         3
 Borgnjor's Vile Clutch   Necr/Erth      #.........   99%         5
 Death Channel            Necr           ###.......   99%         6
 Summon Mana Viper        Hex/Summ       #.......     100%        5
 Dragon's Call            Summ           #.........   100%        9


Dungeon Overview and Level Annotations

Branches:
Dungeon (10/15)            Temple (0/1) D:5            Lair (0/6) D:8
  Sewer (visited)
    Orc: D:9-12

Altars:
Ashenzari
Dithmenos
Elyvilon
Kikubaaqudgha
Nemelex Xobeh
Qazlal
Ru
Uskayaw
Wu Jian
Xom

Annotations:
D:4 2 runed translucent doors


Innate Abilities, Weirdness & Mutations

You have large cloven feet.
You are mostly covered in yellow scales. (AC +3)
You are partially covered in sharp spines.


Message History

The orc warrior is severely wounded.
You block the orc's attack.
The orc warrior is struck by your spines.
The orc warrior hits you with a +0 trident.
* * * LOW HITPOINT WARNING * * *
You hit the orc warrior but do no damage.
The orc warrior is severely wounded.
You block the orc's attack. You block the orc warrior's attack.
You closely miss the orc warrior.
The orc warrior is severely wounded.
You block the orc's attack. You block the orc warrior's attack.
The orc warrior hits you from afar with a +0 trident!
* * * LOW HITPOINT WARNING * * *
You see here a bullfrog corpse.
You sock the orc!
You kill the orc!
Kikubaaqudgha accepts your kill.
The orc warrior hits you from afar with a +0 trident!
You die...
Kikubaaqudgha rasps: "You have failed me!
Welcome... death!"

#.....# #.....# #......
#....... ....#.# ... .# .
#.# .# # ###. #@# .#.#.#
####.##.. #####)##.....#
#.......# #..((o).# #)##
#.# #.###.#.##
#.##.##.####.......>#
#<##...................o...
...####.####.....#........#
#..####.# #...###....##...
........# #........... ..


You could see an orc warrior.

Vanquished Creatures
  A two-headed ogre (D:10)
  3 wargs (D:8)
  4 phantoms
  Purgy (Sewer)
  An orc warrior (D:5)
  6 ice beasts
  4 ogres
  2 sky beasts (D:8)
  6 centaurs
  A big kobold (D:10)
  5 bullfrogs
  A gnoll sergeant (D:10)
  A scorpion (D:7)
  6 killer bees (D:8)
  3 wights (D:9)
  A howler monkey (D:4)
  3 bullfrog zombies
  A centaur zombie (D:10)
  6 hounds
  4 jellies
  3 orc priests
  2 centaur skeletons
  5 orc wizards
  Jessica (D:3)
  4 iguanas
  Ijyb (D:4)
  Natasha (thrice) (D:4)
  9 worker ants
  2 worker ant zombies
  13 adders
  8 gnolls
  A shadow imp (D:5)
  2 white imps
  An ufetubus (D:5)
  2 oozes
  An adder zombie (D:6)
  2 worms (D:2)
  2 dart slugs
  7 leopard geckos
  23 orcs
  7 giant cockroaches
  8 hobgoblins
  5 jackals
  8 quokkas
  6 ball pythons
  13 bats
  7 frilled lizards
  8 goblins
  A jackal skeleton (D:9)
  8 kobolds
  3 leopard gecko skeletons
  A quokka skeleton (D:4)
  7 rats
234 creatures vanquished.

Vanquished Creatures (others)
  2 plants (D:3)
2 creatures vanquished.

Grand Total: 236 creatures vanquished

Notes
Turn   | Place    | Note
-------+----------+-------------------------------------------
     0 | D:1      | yilan901 the Demonspawn Fighter began the quest for the
                  | Orb.
     0 | D:1      | Reached XP level 1. HP: 18/18 MP: 1/1
    93 | D:1      | Gained mutation: You are partially covered in sharp spines.
                  | [demonic ancestry]
    93 | D:1      | Reached XP level 2. HP: 18/24 MP: 2/2
   557 | D:1      | Reached XP level 3. HP: 28/29 MP: 3/3
   936 | D:2      | Found an ancient bone altar of Kikubaaqudgha.
  1308 | D:2      | Gained mutation: You have large cloven feet. [demonic
                  | ancestry]
  1308 | D:2      | Reached XP level 4. HP: 35/35 MP: 4/4
  1402 | D:2      | Became a worshipper of Kikubaaqudgha
  1612 | D:2      | Found a faded altar of an unknown god.
  2092 | D:3      | Reached * piety under Kikubaaqudgha
  2092 | D:3      | Identified Kikubaaqudgha's Catalogue of Necromancy
                  | (Kikubaaqudgha gifted it to you on level 3 of the Dungeon)
  2092 | D:3      | Received a gift from Kikubaaqudgha
  2093 | D:3      | Reached XP level 5. HP: 42/42 MP: 5/5
  2425 | D:3      | Found a sparkling altar of Nemelex Xobeh.
  2425 | D:3      | Noticed Jessica
  2429 | D:3      | Killed Jessica
  2430 | D:3      | Reached skill level 1 in Necromancy
  2529 | D:4      | Found a broken altar of Ashenzari.
  2656 | D:4      | Found an ornate altar of the Wu Jian Council.
  2704 | D:4      | Noticed Natasha
  2708 | D:4      | Killed Natasha
  2709 | D:4      | Reached XP level 6. HP: 45/48 MP: 4/6
  2761 | D:4      | Reached skill level 2 in Necromancy
  2786 | D:4      | Found a large runed translucent door.
  2787 | D:4      | Found a large runed translucent door.
  2822 | D:4      | Found a large runed translucent door.
  2822 | D:4      | Found a large runed translucent door.
  2834 | D:4      | Identified Sif Muna's Papyrus of the Escort and
                  | Transformation
  2928 | D:4      | Noticed Natasha
  2931 | D:4      | Killed Natasha
  2968 | D:4      | Noticed Ijyb
  2979 | D:4      | Killed Ijyb
  3098 | D:4      | Reached skill level 1 in Polearms
  3098 | D:4      | Reached skill level 3 in Necromancy
  3481 | D:4      | Gained mutation: You are partially covered in yellow
                  | scales. (AC +2) [demonic ancestry]
  3481 | D:4      | Reached XP level 7. HP: 49/55 MP: 5/7
  3742 | D:4      | Noticed Natasha
  3750 | D:4      | Killed Natasha
  3751 | D:4      | Reached skill level 4 in Necromancy
  3807 | D:5      | Entered Level 5 of the Dungeon
  4227 | D:5      | Found a staircase to the Ecumenical Temple.
  4441 | D:5      | Reached skill level 5 in Fighting
  4441 | D:5      | Reached XP level 8. HP: 23/62 MP: 2/8
  4447 | D:5      | Reached skill level 5 in Necromancy
  4730 | D:5      | Reached ** piety under Kikubaaqudgha
  4865 | D:5      | Found a shadowy altar of Dithmenos.
  4943 | D:5      | Found a shimmering altar of Xom.
  4945 | D:5      | Found a shimmering altar of Xom.
  4946 | D:5      | Found a shimmering altar of Xom.
  5309 | D:5      | Reached skill level 1 in Maces & Flails
  5588 | D:6      | Reached skill level 5 in Armour
  5719 | D:6      | Found a broken altar of Ashenzari.
  6322 | D:6      | Found a glowing drain.
  6332 | Sewer    | Entered a sewer
  6517 | Sewer    | Noticed Purgy
  6524 | Sewer    | Killed Purgy
  6525 | Sewer    | Gained mutation: You are mostly covered in yellow scales.
                  | (AC +3) [demonic ancestry]
  6525 | Sewer    | Reached XP level 9. HP: 51/68 MP: 6/9
  6617 | Sewer    | Learned a level 3 spell: Vampiric Draining
  6840 | D:7      | Reached skill level 5 in Shields
  6840 | D:7      | Reached skill level 6 in Necromancy
  7246 | D:7      | Reached *** piety under Kikubaaqudgha
  7246 | D:7      | Identified Kikubaaqudgha's Catalogue of Stolen Souls
                  | (Kikubaaqudgha gifted it to you on level 7 of the Dungeon)
  7246 | D:7      | Received a gift from Kikubaaqudgha
  7830 | D:8      | Found a staircase to the Lair.
  7866 | D:8      | Reached skill level 7 in Necromancy
  7876 | D:8      | Reached skill level 5 in Maces & Flails
  8405 | D:8      | Found a faded altar of an unknown god.
  8405 | D:8      | Found a hide-covered altar of Uskayaw.
  8410 | D:8      | Found a faded altar of an unknown god.
  8412 | D:8      | Found a white marble altar of Elyvilon.
  8413 | D:8      | Found a sacrificial altar of Ru.
  8747 | D:9      | Reached skill level 8 in Necromancy
  8747 | D:9      | Reached XP level 10. HP: 74/77 MP: 6/10
  8966 | D:9      | Found a stormy altar of Qazlal.
  9080 | D:9      | Reached **** piety under Kikubaaqudgha
  9373 | D:10     | Entered Level 10 of the Dungeon
  9373 | D:10     | Noticed a two-headed ogre
  9386 | D:10     | HP: 3/77 [two-headed ogre/+0 giant club (4)]
  9387 | D:10     | Killed a two-headed ogre
  9612 | D:10     | HP: 1/79 [orc warrior/+0 trident (11)]
  9613 | D:10     | Slain by an orc warrior

Illustrated notes

Levels and vault maps discovered:
D:1:      giann_bridges, layout_basic
D:2:      layout_loops_ring, kiku_gazebo_pond_becter,
          chequers_ecumenical_altar_grove
D:3:      layout_basic, serial_forest, infiniplex_forest_lined_room_,
          infiniplex_forest_clump_curved, infiniplex_forest_clump_diagonal,
          infiniplex_forest_lined_room_2, infiniplex_forest_straight_2,
          infiniplex_forest_zigzag_1, infiniplex_forest_lined_2,
          grunt_ministairs_15, kennysheep_minor_cross,
          nemelex_lonely_heart_becter
D:4:      layout_loops_ring, overflow_temple_1_default, lemuel_doored_altar,
          minmay_hollow_rounded_squares, uniq_ijyb, uniq_natasha
D:5:      layout_loops_corners, overflow_temple_1_default, xom_redecorated,
          minmay_temple_entry_slanted, minmay_manual_monstrance
D:6:      layout_layer_cave, portal_sewer_entry_d, basic_altar
D:7:      layout_loops_ring
D:8:      layout_rooms, chequers_temple_overflow_minitemple,
          erik_lair_orcish_takeover
D:9:      layout_roguey, general_overflow_altar
D:10:     cheibrodos_orc_bank, layout_loops_cross, chequers_serial_rivers_room_a

Skill      XL: |  1  2  3  4  5  6  7  8  9 10 |
---------------+-------------------------------+-----
Axes           | 2 3 |  3.3
Armour         | 3 4 5 |  5.4
Shields        | 3 4 6 7 |  7.4
Necromancy     | 1 3 4 5 8 |  8.9
Fighting       | 4 5 6 7 |  7.0
Polearms       | 1 3 |  3.6
Maces & Flails | 3 5 6 |  6.5

Action                   |  1- 3 |  4- 6 |  7- 9 | 10-12 || total
-------------------------+-------+-------+-------+-------++-------
Melee: Mace              |   100 |       |   284 |   111 ||   495
       War axe           |    37 |    21 |       |       ||    58
       Hand axe          |       |    51 |       |       ||    51
       Kick              |       |    28 |    56 |       ||    84
       Quarterstaff      |       |    24 |    67 |       ||    91
 Cast: Vampiric Draining |       |       |     5 |     4 ||     9
  Use: Scroll            |     4 |       |    11 |     1 ||    16
 Stab: Sleeping          |       |       |       |     2 ||     2
Armor: Scale mail        |    60 |     6 |       |       ||    66
       Chain mail        |       |    29 |    70 |       ||    99
       Skin              |       |       |     4 |       ||     4
       Troll leather arm |       |       |    53 |    31 ||    84
Dodge: Dodged            |    45 |    25 |   112 |    36 ||   218
Block: Kite shield       |    69 |    33 |   163 |    64 ||   329

Table legend: (Time is in decaauts)
 A = Elapsed time spent in this place.
 B = Non-inter-level travel time spent in this place.
 C = Inter-level travel time spent in this place.
 D = Time resting spent in this place.
 E = Time spent auto-exploring this place.
 F = Levels seen in this place.
 G = Mean time per level.
                   A        B        C        D        E       F      G
               +--------+--------+--------+--------+--------+-----+--------+
         Total |   9844 |   9535 |    309 |   2046 |   4596 |  11 |  894.9 |
       Dungeon |   9461 |   9152 |    309 |   1869 |   4478 |  10 |  946.1 |
         Sewer |    383 |    383 |      0 |    177 |    117 |   1 |  383.0 |
               +--------+--------+--------+--------+--------+-----+--------+

Top non-repeatable levels by time:
     D:5: 1799 daAuts
     D:4: 1301 daAuts
     D:8: 1036 daAuts
     D:2: 966 daAuts
     D:6: 922 daAuts
     D:3: 856 daAuts
     D:7: 816 daAuts
     D:1: 781 daAuts
     D:9: 735 daAuts
   Sewer: 383 daAuts
    D:10: 246 daAuts
